 Seeded DCSS version 0.29.1-12-g30fa7ad0bf (webtiles) character file.

Game seed: 18334199546629406935 (custom seed)

54 OTABOTABOTAB the Insei (level 3, -6/23 HPs)
             Began as an Octopode Transmuter on Jan 10, 2023.
             Mangled by a gnoll
             ... wielding a +0 halberd
              (13 damage)
             ... on level 2 of the Dungeon.
             The game lasted 00:04:26 (1777 turns).

OTABOTABOTAB the Insei (Octopode Transmuter)        Turns: 1777, Time: 00:04:27

Health: -6/23      AC:  1    Str: 15    XL:     3   Next: 91%
Magic:  5/6        EV: 13    Int: 17    God:
Gold:   37         SH:  0    Dex: 12    Spells: 0/6 levels left

rFire   . . .      SeeInvis .   b - +4 whip
rCold   . . .      Faith    .   (no shield)
rNeg    . . .      Spirit   .   (helmet restricted)
rPois   .          Reflect  .   (no amulet)
rElec   .          Harm     .   f - +6 ring of strength
rCorr   .          Rampage  .   (no ring)
Will    .....                   (no ring)
Stlth   ++........              (no ring)
HPRegen 0.07/turn               (no ring)
MPRegen 0.10/turn               (no ring)
                                (no ring)
                                (no ring)

@: attractive, hasted, very quick
A: almost no armour, amphibious, 8 rings, camouflage 1, gelatinous body 1,
(nimble swimmer 1), tentacles
a: no special abilities


You were on level 2 of the Dungeon.
You visited 1 branch of the dungeon, and saw 2 of its levels.

You collected 37 gold pieces.

Inventory:

Hand Weapons
 b - a +4 whip (weapon)
   (You took it off a kobold on level 1 of the Dungeon)
Missiles
 s - 5 stones
Jewellery
 f - a +6 ring of strength (left tentacle)
   (You found it on level 1 of the Dungeon)
Scrolls
 d - a scroll of fog {unknown}
 e - a scroll of immolation {unknown}
 g - 3 scrolls of identify {unknown}
 k - a scroll of poison {unknown}
 l - a scroll of blinking {unknown}
 Y - 2 scrolls of teleportation {@r3}
Potions
 a - a potion of curing {unknown}
 h - a potion of might {unknown}
 j - a potion of flight {unknown}
 H - a potion of haste
 P - a potion of lignification {!q}


   Skills:
 - Level 1.0 Fighting
 - Level 2.0 Dodging
 + Level 3.8 Unarmed Combat
 - Level 2.0 Spellcasting
 + Level 3.1 Transmutations
 + Level 0.9 Poison Magic


You couldn't memorise any spells.
You knew the following spells:

 Your Spells              Type           Power      Damage    Failure   Level
a - Beastly Appendage     Tmut           24%        N/A       5%          1
b - Wereblood             Tmut           12%        N/A       9%          2
c - Spider Form           Tmut/Pois      8%         N/A       26%         3

Your spell library contained the following spells:

 Spells                   Type           Power      Damage    Failure   Level
 Slow                     Hex            4%         N/A       19%         1
 Confusing Touch          Hex            1%         N/A       50%         3
 Vampiric Draining        Necr           1%         2d6       50%         3
 Ice Form                 Ice/Tmut       7%         N/A       71%         4


Dungeon Overview and Level Annotations

Branches:
Dungeon (2/15)

Altars:


Innate Abilities, Weirdness & Mutations

You cannot wear most types of armour.
You are amphibious.
You can wear up to eight rings at the same time.
Your skin changes colour to match your surroundings (Stealth+).
Your rubbery body absorbs attacks. (AC +1, EV +1)
((You are camouflaged when in or above water. (Stealth+)))
You have tentacles for arms and can constrict up to eight enemies at once.


Message History

You start memorising the spell.
You continue memorising. x3
The rat bites you.
Your memorisation is interrupted.
You take 3 damage, and have 20/23 hp.
You barely miss the rat. Your grab misses the rat. The rat misses you.
You barely miss the rat. Your grab misses the rat. You squeeze the rat.
You kill the rat!
Unknown command.
You see here a rat corpse.
The rat bites you.
You take 1 damage, and have 19/23 hp.
Unknown command.
You hit the rat.
You kill the rat!
No target in view!
No target in view!
This spell is extremely dangerous to cast!
Memorise Spider Form, consuming 3 spell levels and leaving 0?
You start memorising the spell.
You continue memorising. x3
You finish memorising.
Spell assigned to 'c'.
Unknown command.
Found a stone staircase leading down.
Health restored: 23 A kobold comes into view.
It is wielding a +0 whip.
The kobold shouts!
One of your tentacles grows a vicious spike.
You now have 5/6 mp.
You barely miss the kobold. Your grab misses the kobold.
Your tentacle spike misses the kobold.
You tentacle-slap the kobold. You squeeze the kobold.
You kill the kobold!
Unknown command.
No target in view!
No target in view!
There is a stone staircase leading down here.
Your transformation is almost over.
Your tentacle spike disappears.
d - 3 scrolls labelled QOHICSYIMA (gained 1)
An endoplasm comes into view.
MP restored: 6 Unknown command.
As you read the scroll labelled QOHICSYIMA, it crumbles to dust.
You feel strangely unstable.
It was a scroll of teleportation.
Y - 2 scrolls of teleportation An endoplasm is nearby!
One of your tentacles grows a vicious spike.
You now have 5/6 mp.
Your surroundings suddenly seem different.
No target in view!
No target in view!
No target in view!
Your transformation is almost over.
You open the door.
Your tentacle spike disappears.
There is an open door here.
d - a scroll labelled WAJ WINYLAODI MP restored: 6 A gnoll is nearby!
The gnoll shouts!
You hear a shout!
One of your tentacles grows a vicious spike.
The gnoll shouts!
You now have 5/6 mp.
Okay, then.
The spell is extremely dangerous to miscast (30% risk of failure)!
Continue anyway?
Your tentacle spike disappears.
You turn into a venomous arachnid creature.
Your +4 whip melds into your body.
You now have 2/6 mp.
You hit the gnoll.
The gnoll is poisoned.
Your transformation is almost over.
The gnoll misses you.
You hit the gnoll.
The gnoll looks as sick as possible!
The gnoll hits you with a +4 flail of protection.
The gnoll hits you from afar with a +0 spear.
You take 7 damage, and have 16/23 hp.
MASSIVE DAMAGE!!
You kill the gnoll!
Your Transmutations skill increases to level 3!
The gnoll misses you.
You hit the gnoll.
The gnoll is poisoned.
The gnoll closely misses you.
You hit the gnoll. The gnoll closely misses you.
The gnoll hits you with a +0 spear.
You take 5 damage, and have 11/23 hp.
MASSIVE DAMAGE!!
The gnoll attacks as you move away! The gnoll closely misses you.
The gnoll hits you from afar with a +0 spear.
* * * LOW HITPOINT WARNING * * *
You take 6 damage, and have 5/23 hp.
MASSIVE DAMAGE!!
Your transformation has ended.
Your +4 whip unmelds from your body.
You kill the gnoll!
It was a potion of haste.
You feel yourself speed up.
H - a potion of haste It was a potion of attraction.
You feel attractive to monsters. The gnoll is attracted toward you.
The gnoll hits you with a +0 halberd!
Ouch! That really hurt!
You die...

# #### #..# # #.## #
#.# # ##.# # #..# #
#..# ### #..# ..#
################..#
#.#
#..........@g.ยง...#
#.#
#[#######.######..#
#.####.#...# #.#
##.# #...##.#.#.#
#.# #.# ###..#.#.#.#
#.# #.# ..r....#.#.#
#.# #.! ####g###.#.#
#)# ##. .......#.#.#
#.# .. ......<..#.#
#.# #.


You could see a gnoll.

Vanquished Creatures
  3 gnolls (D:2)
  2 endoplasms (D:1)
  A giant cockroach (D:1)
  3 hobgoblins
  2 quokkas
  4 ball pythons
  4 bats
  4 kobolds
  4 rats
27 creatures vanquished.

Notes
Turn   | Place    | Note
-------+----------+-------------------------------------------
     0 | D:1      | OTABOTABOTAB the Octopode Transmuter began the quest for
                  | the Orb.
     0 | D:1      | Reached XP level 1. HP: 13/13 MP: 3/3
   636 | D:1      | Reached XP level 2. HP: 18/18 MP: 3/5
   719 | D:1      | Learned a level 2 spell: Wereblood
  1205 | D:2      | Reached XP level 3. HP: 20/23 MP: 4/6
  1597 | D:2      | Learned a level 3 spell: Spider Form
  1748 | D:2      | Reached skill level 3 in Transmutations
  1751 | D:2      | HP: 5/23 [gnoll/+0 spear (6)]
  1777 | D:2      | Mangled by a gnoll

Illustrated notes

Levels and vault maps discovered:
D:1:      shiori_shiawase, layout_loops_ring, st_stairs_7
D:2:      layout_basic, minmay_large_rounded_square

Skill      XL: |  1  2  3 |
---------------+----------+-----
Transmutations | 3 |  3.1
Fighting       | |  1.0
Dodging        | |  2.0
Unarmed Combat | |  3.8
Spellcasting   | |  2.0
Poison Magic   | |  0.9

Action                   || total
-------------------------++-------
Melee: Whip              ||    37
       Constrict         ||    11
       Kick              ||     6
       Unarmed           ||     6
       Tentacles         ||     6
       Punch             ||     2
Throw: Stone             ||     3
 Cast: Beastly Appendage ||    14
       Spider Form       ||     1
 Abil: End Transformatio ||     5
  Use: Potion            ||     2
       Scroll            ||     1
 Stab: Sleeping          ||     3
Armor: Skin              ||     5
Dodge: Dodged            ||    48

Table legend: (Time is in decaauts)
 A = Elapsed time spent in this place.
 B = Non-inter-level travel time spent in this place.
 C = Inter-level travel time spent in this place.
 D = Time resting spent in this place.
 E = Time spent auto-exploring this place.
 F = Levels seen in this place.
 G = Mean time per level.
                   A        B        C        D        E       F      G
               +--------+--------+--------+--------+--------+-----+--------+
         Total |   1775 |   1748 |     27 |    407 |   1047 |   2 |  887.5 |
       Dungeon |   1775 |   1748 |     27 |    407 |   1047 |   2 |  887.5 |
               +--------+--------+--------+--------+--------+-----+--------+

Top non-repeatable levels by time:
     D:1: 1149 daAuts
     D:2: 626 daAuts

Table legend:
 A = Kills in this place as a percentage of kills in entire the game.
 B = Kills by you in this place as a percentage of kills by you in the entire game.
 C = Kills by friends in this place as a percentage of kills by friends in the entire game.
 D = Other kills in this place as a percentage of other kills in the entire game.
 E = Experience gained in this place as a percentage of experience gained in the entire game.
 F = Experience gained in this place divided by the number of levels of this place that you have seen.
                   A       B       C       D       E      F
               +-------+-------+-------+-------+-------+----------------------
         Total | 100.0 | 100.0 |   N/A |   N/A | 100.0 |  39.0
       Dungeon | 100.0 | 100.0 |   N/A |   N/A | 100.0 |  39.0
               +-------+-------+-------+-------+-------+----------------------
